 Dungeon Crawl Stone Soup version 0.23-a0-389-g4a5eb33 (webtiles) character file.

55 CrossKnight the Slasher (level 3, -1/28 HPs)
             Began as a Demonspawn Gladiator on Oct 29, 2018.
             Slain by an adder (4 damage)
             ... on level 3 of the Dungeon.
             The game lasted 00:11:04 (1685 turns).

CrossKnight the Slasher (Demonspawn Gladiator)      Turns: 1685, Time: 00:11:05

Health: -1/28      AC:  8    Str: 15    XL:     3   Next: 67%
Magic:  3/3        EV: 10    Int:  9    God:
Gold:   63         SH:  0    Dex: 14    Spells: 2/2 levels left

rFire    + . .     SeeInvis .   a - +0 long sword
rCold    . . .     Gourm    .   (no shield)
rNeg     . . .     Faith    .   q - +0 scale mail
rPois    .         Spirit   .   c - +0 helmet
rElec    .         Reflect  .   (no cloak)
rCorr    .         Harm     .   (no gloves)
MR       .....                  m - +0 pair of boots
Stlth    +.........             (no amulet)
HPRegen  0.09/turn              k - ring of fire
MPRegen  0.08/turn              o - ring of protection from cold

@: lethally poisoned (-1 -> -14)
A: talons 1, nightstalker 1
a: no special abilities


You were on level 3 of the Dungeon.
You were not hungry.

You visited 1 branch of the dungeon, and saw 3 of its levels.

You collected 63 gold pieces.

Inventory:

Hand Weapons
 a - a +0 long sword (weapon)
 h - a +0 club
 j - a +0 spear
 r - a +0 trident
Missiles
 d - 3 throwing nets (quivered)
Armour
 b - a +0 leather armour
 c - a +0 helmet (worn)
 m - a +0 pair of boots (worn)
 n - a +0 robe
 q - a +0 scale mail (worn)
Magical Staves
 p - an uncursed staff of fire
Jewellery
 k - a ring of fire (left hand)
 o - a ring of protection from cold (right hand)
Scrolls
 g - 2 scrolls of remove curse
 i - a scroll of identify {unknown}
 l - a scroll of teleportation {unknown}
Potions
 e - a potion of brilliance {unknown}
 s - a potion of lignification {unknown}
 t - a potion of might {unknown}
Comestibles
 f - 6 rations


   Skills:
 + Level 2.5 Fighting
 + Level 3.3 Long Blades
 + Level 1.8 Throwing
 + Level 0.4 Armour
 + Level 3.2 Dodging
 + Level 0.3 Stealth


You had 2 spell levels left.
You didn't know any spells.
Your spell library was empty.

Dungeon Overview and Level Annotations

Branches:
Dungeon (3/15)

Altars:


Innate Abilities, Weirdness & Mutations

You have sharp toenails.
You are slightly more attuned to the shadows.


Message History

The adder is heavily wounded.
You feel sick. The adder bites you.
You hit the adder.
The adder is severely wounded.
* * * LOW HITPOINT WARNING * * *
You feel sick. The adder bites you.
* * * LOW HITPOINT WARNING * * *
The adder closely misses you.
You miss the adder.
The adder is severely wounded.
* * * LOW HITPOINT WARNING * * *
You feel sick. The adder bites you.
* * * LOW HITPOINT WARNING * * *
You are more poisoned.
The adder poisons you!
Your scale mail prevents you from hitting the adder.
The adder is severely wounded.
* * * LOW HITPOINT WARNING * * *
You feel sick. The adder bites you but does no damage. The adder bites you.
You die...

# # # # #
# #
#######
#.....#
#.###@#
#.# #S#
#.# #.#
#.# ...
##.#.#.##
#..†....#
#.#####.#
#.# #.#


You could see an adder.

Vanquished Creatures
  3 worms
  A leopard gecko (D:1)
  2 orcs (D:3)
  2 ball pythons
  2 giant cockroaches (D:2)
  6 goblins
  5 hobgoblins
  6 kobolds
  8 bats
  3 frilled lizards (D:1)
  6 rats
44 creatures vanquished.

Notes
Turn   | Place    | Note
-------+----------+-------------------------------------------
     0 | D:1      | CrossKnight the Demonspawn Gladiator began the quest for
                  | the Orb.
     0 | D:1      | Reached XP level 1. HP: 16/16 MP: 1/1
   224 | D:1      | Gained mutation: You are slightly more attuned to the
                  | shadows. [demonic ancestry]
   224 | D:1      | Reached XP level 2. HP: 22/22 MP: 2/2
   923 | D:2      | Gained mutation: You have sharp toenails. [demonic
                  | ancestry]
   923 | D:2      | Reached XP level 3. HP: 7/28 MP: 3/3
  1685 | D:3      | Slain by an adder

Vault maps used:
D:1:      dpeg_arrival_rhombi
D:2:      minmay_pentomino_z4
D:3:      first_ration, minmay_misc_feat_square

Skill      XL: |  1  2 |
---------------+-------+-----
Dodging        | 3 |  3.2
Long Blades    | 3 |  3.3
Fighting       | |  2.5
Throwing       | |  1.8
Armour         | |  0.4
Stealth        | |  0.3

Action                   || total
-------------------------++-------
Melee: Long sword        ||    96
       Staff             ||    11
  Use: Scroll            ||     1
 Stab: Sleeping          ||     2
  Eat: Ration            ||     1
Armor: Leather armour    ||    33
       Scale mail        ||    10
Dodge: Dodged            ||   112
       Rpst.: Long sword ||    27

Table legend:
 A = Non-vault XP
 B = Vault XP
 C = Vault XP percentage of total XP
 D = Non-vault monster count
 E = Vault monster count
 F = Vault count percentage of total count
                 A         B        C        D         E       F
            +---------+---------+-------+---------+---------+-------
      Total |      71 |       8 |  10.1 |      41 |       3 |   6.8
            +---------+---------+-------+---------+---------+-------
        D:1 |      27 |       0 |   0.0 |      19 |       0 |   0.0
        D:2 |      13 |       8 |  38.1 |       8 |       3 |  27.3
        D:3 |      31 |       0 |   0.0 |      14 |       0 |   0.0
            +---------+---------+-------+---------+---------+-------
